 Dungeon Crawl Stone Soup version 0.29.1-15-g9cfb28693d (webtiles) character file.

Game seed: 927945736945158120

22 Ape3scape the Covered (level 2, 0/25 HPs)
             Began as a Barachi Fighter on May 1, 2023.
             Slain by a gnoll
             ... wielding a +0 halberd
              (3 damage)
             ... on level 2 of the Dungeon.
             The game lasted 00:02:54 (1103 turns).

Ape3scape the Covered (Barachi Fighter)             Turns: 1103, Time: 00:02:55

Health: 0/25       AC:  7    Str: 17    XL:     2   Next: 91%
Magic:  2/2        EV:  9    Int:  8    God:
Gold:   0          SH:  4    Dex: 11    Spells: 1/1 levels left

rFire   . . .      SeeInvis .   a - +0 long sword
rCold   . . .      Faith    .   c - +0 buckler
rNeg    . . .      Spirit   .   b - +0 scale mail
rPois   .          Reflect  .   (no helmet)
rElec   .          Harm     .   (no cloak)
rCorr   .          Rampage  .   (no gloves)
Will    .....                   (no boots)
Stlth   ..........              (no amulet)
HPRegen 0.08/turn               (no ring)
MPRegen 0.08/turn               (no ring)

@: unable to hop, slow
A: amphibious, slowness 1, strong legs 1, +LOS
a: Hop


You were on level 2 of the Dungeon.
You visited 1 branch of the dungeon, and saw 2 of its levels.

Inventory:

Hand Weapons
 a - a +0 long sword (weapon)
 g - a +0 spear
 h - a +0 short sword
Armour
 b - a +0 scale mail (worn)
 c - a +0 buckler (worn)
 e - a +0 barding
Scrolls
 j - 2 scrolls of poison
Potions
 d - a potion of might
 f - a potion of invisibility {unknown}


   Skills:
 + Level 3.8 Fighting
 * Level 2.9 Long Blades
 + Level 4.0 Armour
 + Level 0.4 Dodging
 + Level 3.6 Shields


You had one spell level left.
You didn't know any spells.
Your spell library was empty.

Dungeon Overview and Level Annotations

Branches:
Dungeon (2/15)

Altars:

Shops:
D:1 **


Innate Abilities, Weirdness & Mutations

You are amphibious.
You cover ground slowly.
You can hop short distances.
You have an extended range of vision and can be seen from far away.


Message History

The ball python grabs you. The ball python constricts you.
You hit the ball python but do no damage.
The ball python barely misses you. The ball python constricts you.
You hit the ball python.
The ball python is severely wounded.
You block the ball python's attack. The ball python constricts you.
The ball python bites you but does no damage.
The ball python constricts you.
You hit the ball python but do no damage.
The ball python is severely wounded.
The ball python closely misses you. The ball python constricts you.
You slash the ball python!
You kill the ball python!
You block the hobgoblin's attack.
The hobgoblin hits you but does no damage.
You see here a ball python corpse.
You hit the hobgoblin.
You kill the hobgoblin!
You see here a hobgoblin corpse.
You see here a hobgoblin corpse.
You see here a ball python corpse.
A gnoll comes into view. It is wielding a +0 flail.
Okay, then.
A gnoll comes into view. It is wielding a +0 halberd.
The gnoll shouts!
A gnoll comes into view. It is wielding a +0 flail.
The gnoll shouts!
The gnoll barely misses you. The gnoll hits you with a +0 halberd.
The gnoll hits you with a +0 flail.
Hop to where?
Press: ? - help, Dir - move target Boing!
The gnoll hits you with a +0 flail.
* * * LOW HITPOINT WARNING * * *
You block the gnoll's attack.
You hit the gnoll but do no damage. You block the gnoll's attack.
The gnoll closely misses you.
You hit the gnoll but do no damage.
The gnoll hits you from afar with a +0 halberd.
You die...

#.###....
#.###..#.#.#
#..........#
#...# #.### #
#.# ###
#.#.###.##
#.#.##...##
#...@gg..[#
###†##...##
#†##...###
#........#
#............
#........####
#.##...###
#.##$..#
#.######


You could see 2 gnolls.

Vanquished Creatures
  An adder (D:2)
  A dart slug (D:1)
  A ball python (D:2)
  An endoplasm (D:1)
  A giant cockroach (D:1)
  A hobgoblin (D:2)
  A kobold (D:1)
  A bat (D:1)
  A frilled lizard (D:1)
  A goblin (D:1)
  A rat (D:1)
11 creatures vanquished.

Notes
Turn   | Place    | Note
-------+----------+-------------------------------------------
     0 | D:1      | Ape3scape the Barachi Fighter began the quest for the Orb.
     0 | D:1      | Reached XP level 1. HP: 18/18 MP: 1/1
    15 | D:1      | Found Meorun's Assorted Antiques.
   342 | D:1      | Reached XP level 2. HP: 7/25 MP: 2/2
   345 | D:1      | Found Ylec Worun's Assorted Antiques.
  1079 | D:2      | Reached skill level 4 in Armour
  1103 | D:2      | Slain by a gnoll

Illustrated notes

Levels and vault maps discovered:
D:1:      ebering_trefoil_twist, layout_loops_corners, serial_shops, shop,
          nicolae_shop_behind_doors, nicolae_shop_statue_plus, shop,
          nicolae_ecumenical_lake_church
D:2:      layout_loops_ring, basic_altar, uniq_robin, uniq_natasha

Skill      XL: |  1  2 |
---------------+-------+-----
Armour         | 4 |  4.0
Fighting       | |  3.8
Long Blades    | |  2.9
Dodging        | |  0.4
Shields        | |  3.6

Action                   || total
-------------------------++-------
Melee: Long sword        ||    44
 Abil: Hop               ||     2
  Use: Scroll            ||     2
Armor: Scale mail        ||    29
Dodge: Dodged            ||    31
Block: Buckler           ||    13
